 Dungeon Crawl Stone Soup version 0.26-a0-537-g96b2eae49b (webtiles) character file.

Game seed: 12925914785531606845

56439 MrRokkomies the Nimble (level 14, 0/121 HPs)
             Began as a Demigod Ice Elementalist on Aug 13, 2020.
             Slain by a sun demon (18 damage)
             ... summoned by an orc sorcerer
             ... on level 1 of the Orcish Mines on Aug 14, 2020.
             The game lasted 01:14:25 (38460 turns).

MrRokkomies the Nimble (Demigod Ice Elementalist)  Turns: 38460, Time: 01:14:26

Health: 0/121      AC:  9    Str: 19    XL:     14   Next: 8%
Magic:  21/25      EV: 21    Int: 33    God:
Gold:   703        SH:  5    Dex: 15    Spells: 2/23 levels left

rFire    . . .     SeeInvis .   a - +2 dagger (venom)
rCold    . . .     Faith    .   j - +0 buckler
rNeg     + + .     Spirit   .   h - +2 robe {Archmagi}
rPois    .         Reflect  .   O - +2 helmet
rElec    .         Harm     .   (no cloak)
rCorr    .                      A - +0 pair of gloves {Dex+3}
MR       +....                  G - +0 pair of boots
Stlth    ++........             E - amulet of Hyudej {RegenMP rN++ Str+2 Dex-4}
HPRegen  0.30/turn              i - +6 ring of intelligence
MPRegen  0.44/turn              S - +6 ring of strength

@: lightly drained
A: high mp 1
a: no special abilities


You were on level 1 of the Orcish Mines.
You visited 3 branches of the dungeon, and saw 19 of its levels.

You collected 1613 gold pieces.
You spent 910 gold pieces at shops.

Inventory:

Hand Weapons
 a - a +2 dagger of venom (weapon)
 b - a +0 demon blade
 D - a +4 dagger of draining
Missiles
 c - a throwing net
 s - 68 poisoned darts (quivered)
 H - 12 boomerangs
 N - 2 curare-tipped darts
Armour
 h - a +2 robe of the Archmagi (worn)
 j - a +0 buckler (worn)
 A - a +0 pair of gloves of dexterity (worn)
 G - a +0 pair of boots (worn)
 O - a +2 helmet (worn)
Magical Staves
 w - an uncursed staff of conjuration
Jewellery
 e - an uncursed ring of positive energy
 i - a +6 ring of intelligence (left hand)
 u - an uncursed ring of stealth
 B - an uncursed ring of magical power
 E - the amulet of Hyudej (around neck) {RegenMP rN++ Str+2 Dex-4}
   (You acquired it on level 9 of the Dungeon)

   [amulet of magic regeneration]

   It increases your magic regeneration.
   It affects your strength (+2).
   It affects your dexterity (-4).
   It greatly protects you from negative energy.
 S - a +6 ring of strength (right hand)
Wands
 C - a wand of random effects (48)
 Q - a wand of digging (11)
 R - a wand of enslavement (23)
 W - a wand of acid (6)
Scrolls
 k - 14 scrolls of teleportation
 l - 2 scrolls of fear
 p - 3 scrolls of magic mapping
 r - 2 scrolls of enchant weapon
 x - 2 scrolls of amnesia
 z - 3 scrolls of fog
 F - 2 scrolls of immolation
 I - 5 scrolls of remove curse
 T - 4 scrolls of enchant armour
 V - a scroll of blinking
Potions
 d - 2 potions of invisibility
 f - 4 potions of stabbing
 g - 2 potions of brilliance
 m - 3 potions of might
 n - 4 potions of flight
 o - 2 potions of haste
 q - 2 potions of lignification
 t - a potion of heal wounds
 v - 9 potions of curing
 y - 5 potions of mutation
 K - 2 potions of berserk rage
 U - 5 potions of ambrosia
 X - a potion of cancellation
Miscellaneous
 J - a tin of tremorstones (3/3)
 L - a lightning rod (4/4)
 M - a condenser vane (2/2)


   Skills:
 - Level 10.0(9.8) Fighting
 * Level 3.8(3.7) Long Blades
 - Level 12.5(12.3) Dodging
 - Level 1.7(1.6) Stealth
 - Level 4.0(3.8) Shields
 - Level 5.0(4.8) Spellcasting
 * Level 9.1(8.9) Conjurations
 - Level 3.0(2.8) Summonings
 + Level 4.0(3.9) Translocations
 - Level 12.0(11.8) Ice Magic
 + Level 2.1(2.0) Evocations


You had 2 spell levels left.
You knew the following spells:

 Your Spells              Type           Power        Failure   Level
a - Freeze                Ice            ####         1%          1
b - Frozen Ramparts       Ice            ######       1%          3
c - Ozocubu's Armour      Ice            #######.     1%          3
d - Summon Ice Beast      Ice/Summ       ######..     2%          4
e - Hailstorm             Conj/Ice       #######.     1%          4
f - Iskenderun's Mystic   Conj/Tloc      ######..     3%          4
g - Blink                 Tloc           N/A          1%          2

Your spell library contained the following spells:

 Spells                   Type           Power        Failure   Level
 Apportation              Tloc           ######       1%          1
 Magic Dart               Conj           ####         1%          1
 Searing Ray              Conj           ######       1%          2
 Call Imp                 Summ           #####...     2%          2
 Corpse Rot               Necr/Air       N/A          8%          2
 Slow                     Hex            ##......     8%          2
 Sublimation of Blood     Necr           ##........   8%          2
 Conjure Flame            Conj/Fire      ######..     2%          3
 Dazzling Flash           Conj/Hex       ######       2%          3
 Lesser Beckoning         Tloc           ######....   3%          3
 Mephitic Cloud           Conj/Pois/Air  #####...     4%          3
 Fulminant Prism          Conj/Hex       ######....   8%          4
 Tukima's Dance           Hex            ##......     14%         3
 Summon Lightning Spire   Summ/Air       ####....     26%         4
 Dispel Undead            Necr           ##......     43%         4
 Conjure Ball Lightning   Conj/Air       ######....   75%         6
 Agony                    Necr           ##......     80%         5
 Alistair's Intoxication  Tmut/Pois      ##.......    80%         5
 Excruciating Wounds      Necr           ##........   80%         5
 Silence                  Hex/Air        ##........   80%         5
 Invisibility             Hex            ##......     100%        6
 Tornado                  Air            ##........   100%        9


Dungeon Overview and Level Annotations

Branches:
Dungeon (12/15)            Temple (0/1) D:7            Lair (6/6) D:10
 Shoals (0/4) Lair:3       Spider (0/4) Lair:2        Slime (0/5) Lair:6
    Orc (1/2) D:12

Shops:
D:6 !   D:10 (   D:11 }   Orc:1 [

Portals:
Abyss: Lair:2

Annotations:
Lair:2 2 transporters, exclusion: oklob plant, Renjy's ghost, journeyman OpIE


Innate Abilities, Weirdness & Mutations

You have an increased reservoir of magic. (+10% MP)


Message History

The orc sorcerer casts a spell.
Things that are here:
a +0 hand axe; 21 gold pieces The orc sorcerer hits you but does no damage.
The sun demon closely misses you.
Found 23 gold pieces.
You hit the sun demon but do no damage. The orc sorcerer misses you.
The sun demon hits you!!
You are engulfed in flames!
Unknown command.
The orc sorcerer casts a spell at you. The bolt of negative energy hits you.
You partially resist.
You feel drained.
The orc sorcerer hits you but does no damage.
There is a stone staircase leading down here.
The sun demon misses you.
There is a staircase back to the Dungeon here.
The orc sorcerer casts a spell.
The sun demon hits you!!
* * * LOW HITPOINT WARNING * * *
You are engulfed in flames!!
You die...

..#........#
...#......##
...........##
........).(.#
..#.#...).)##
.$.#...>..)##
......$.).).#
......o3..\##
.......@.$..#
........3...#
...........##
...........#
...........#
........#...
...........##
...........#


You could see a sun demon (summoned), a ynoxinul (summoned) and an orc sorcerer.

Vanquished Creatures
  2 entropy weavers (Lair:6)
  2 hydras
  2 alligators (Lair:5)
  4 two-headed ogres
  A queen ant (Lair:6)
  4 death yaks (Lair:6)
  Nergalle (Lair:2)
  3 skeletal warriors (D:12)
  An unseen horror (D:12)
  An oklob plant (Lair:6)
  A cyclops (D:11)
  An ugly thing (D:11)
  2 elephants (Lair:6)
  A gargoyle (D:12)
  3 black mambas
  4 cane toads
  8 komodo dragons
  A queen bee (Lair:5)
  3 jumping spiders (Lair:2)
  3 meliai (Lair:5)
  A hornet (D:11)
  7 polar bears
  2 trolls
  4 slime creatures
  5 dream sheep (Lair:5)
  11 blink frogs
  11 hippogriffs
  A wraith (D:9)
  A vampire (D:12)
  33 yaks
  A vampire mosquito (Lair:4)
  A basilisk (Lair:6)
  An acid dragon (D:12)
  2 swamp worms (Lair:5)
  22 soldier ants
  A warg (Orc:1)
  9 water moccasins
  9 porcupines
  10 orc warriors
  A swamp drake (Lair:5)
  2 ice beasts
  4 black bears
  5 phantoms
  A necrophage (D:7)
  3 sky beasts
  7 ogres
  9 centaurs
  6 wolves
  3 big kobolds
  12 crocodiles
  15 bullfrogs
  5 scorpions
  31 killer bees
  20 wights
  4 howler monkeys (D:10)
  2 electric eels
  3 bullfrog zombies
  2 centaur zombies
  A crimson imp (D:9)
  2 quasits
  2 jellies
  8 orc priests
  4 hounds
  2 centaur skeletons
  A bullfrog skeleton (D:9)
  18 orc wizards
  Jessica (D:2)
  7 iguanas
  39 worker ants
  A killer bee zombie (D:10)
  A hound zombie (D:6)
  2 hound skeletons
  2 worker ant zombies
  A howler monkey skeleton (D:11)
  13 adders
  2 shadow imps
  2 white imps
  An ooze (D:2)
  3 adder skeletons
  2 adder zombies (D:9)
  3 worms
  A dart slug (D:2)
  10 leopard geckos
  66 orcs
  5 ball pythons
  8 bats
  7 giant cockroaches
  9 goblins
  16 hobgoblins
  14 jackals
  5 quokkas
  A frilled lizard (D:1)
  28 kobolds
  A leopard gecko zombie (D:5)
  3 quokka skeletons
  8 rats
  A fungus (Lair:5)
616 creatures vanquished.

Vanquished Creatures (collateral kills)
  A dire elephant (Lair:6)
  4 hydras
  A catoblepas (Lair:6)
  A deep troll shaman (Lair:6)
  A death yak (Lair:6)
  A swamp dragon (Lair:5)
  An elephant (Lair:6)
  A cane toad (Lair:4)
  4 slime creatures
  2 basilisks
  7 yaks
  A swamp worm (Lair:5)
  A porcupine (Lair:2)
  4 wolves
  2 iguanas (Lair:2)
  A worker ant (D:11)
33 creatures vanquished.

Vanquished Creatures (others)
  A bush (Lair:4)
  15 fungi
  33 plants
49 creatures vanquished.

Grand Total: 698 creatures vanquished

Notes
Turn   | Place    | Note
-------+----------+-------------------------------------------
     0 | D:1      | MrRokkomies the Demigod Ice Elementalist began the quest
                  | for the Orb.
     0 | D:1      | Reached XP level 1. HP: 14/14 MP: 5/5
   507 | D:1      | Reached XP level 2. HP: 22/22 MP: 7/7
   537 | D:1      | Reached skill level 1 in Fighting
  1476 | D:1      | Reached XP level 3. HP: 25/28 MP: 4/8
  1800 | D:2      | Learned a level 3 spell: Frozen Ramparts
  1999 | D:2      | Reached XP level 4. HP: 29/36 MP: 5/9
  2329 | D:2      | Found a burning altar of Makhleb.
  2336 | D:2      | Noticed Jessica
  2339 | D:2      | Killed Jessica
  3109 | D:3      | Reached XP level 5. HP: 38/44 MP: 6/10
  3314 | D:3      | You fall into a shaft and drop 3 floors!
  3334 | D:5      | Entered Level 5 of the Dungeon
  3386 | D:5      | Noticed a centaur
  3393 | D:5      | Killed a centaur
  3393 | D:5      | Reached skill level 5 in Ice Magic
  3393 | D:5      | Reached XP level 6. HP: 29/51 MP: 4/11
  4463 | D:3      | Found a glowing silver altar of Zin.
  4763 | D:4      | Reached skill level 1 in Shields
  4830 | D:4      | Learned a level 3 spell: Ozocubu's Armour
  5081 | D:4      | Reached XP level 7. HP: 14/58 MP: 3/12
  5536 | D:4      | Found a shattered altar of Ashenzari.
  7182 | D:5      | Found a shimmering blue altar of Sif Muna.
  7354 | D:6      | Found Hibud's Distillery.
  7374 | D:6      | Bought 2 potions of heal wounds for 130 gold pieces
  7791 | D:6      | Reached XP level 8. HP: 34/67 MP: 8/13
  9206 | D:6      | Found a hide-covered altar of Uskayaw.
  9288 | D:7      | Found a shadowy altar of Dithmenos.
  9617 | D:7      | Reached skill level 5 in Fighting
  9617 | D:7      | Reached skill level 5 in Dodging
  9831 | D:7      | Found a staircase to the Ecumenical Temple.
 10603 | D:7      | Reached XP level 9. HP: 63/74 MP: 16/16
 13106 | D:9      | Found a burning altar of Makhleb.
 13107 | D:9      | Found a shimmering altar of Xom.
 13520 | D:9      | Found a shattered altar of Ashenzari.
 13525 | D:9      | Identified a scroll of acquirement
 13525 | D:9      | Acquired the amulet of Hyudej {RegenMP rN++ Str+2 Dex-4}
 14125 | D:9      | Reached XP level 10. HP: 82/82 MP: 19/19
 14551 | D:10     | Entered Level 10 of the Dungeon
 14557 | D:10     | Learned a level 4 spell: Summon Ice Beast
 14620 | D:10     | Found Hiesut's Antique Weapon Shoppe.
 15061 | D:10     | Reached skill level 1 in Summonings
 15823 | D:10     | Got a jewelled chain mail
 15824 | D:10     | Identified the +2 chain mail "Xutoplot" {Harm} (You found
                  | it on level 10 of the Dungeon)
 16293 | D:10     | Found a staircase to the Lair.
 16765 | Lair:1   | Entered Level 1 of the Lair of Beasts
 16926 | Lair:1   | Found an opulent altar of Gozag.
 17678 | Lair:1   | Reached skill level 10 in Ice Magic
 17995 | Lair:2   | Reached skill level 5 in Spellcasting
 18076 | Lair:2   | Reached XP level 11. HP: 46/90 MP: 17/22
 18523 | Lair:2   | Found a transporter.
 18526 | Lair:2   | Found a transporter.
 18783 | Lair:2   | Noticed an eight-headed hydra
 18792 | Lair:2   | Killed an eight-headed hydra
 18800 | Lair:2   | Noticed Renjy's ghost (journeyman OpIE)
 18863 | Lair:2   | Found a one-way gate to the infinite horrors of the Abyss.
 19388 | Lair:2   | Found a hole to the Spider Nest.
 19806 | Lair:2   | Noticed Nergalle
 20144 | Lair:2   | Killed Nergalle
 20308 | Lair:2   | Noticed a six-headed hydra
 20314 | Lair:2   | Killed a six-headed hydra
 20417 | Lair:2   | Noticed a five-headed hydra
 20425 | Lair:2   | Killed a five-headed hydra
 21239 | Lair:3   | Learned a level 4 spell: Hailstorm
 21244 | Lair:3   | Learned a level 4 spell: Iskenderun's Mystic Blast
 21298 | Lair:3   | Reached skill level 10 in Dodging
 21694 | Lair:3   | Reached skill level 1 in Conjurations
 22599 | Lair:3   | Found a staircase to the Shoals.
 23696 | Lair:4   | Reached XP level 12. HP: 69/101 MP: 17/23
 26611 | Lair:5   | Noticed a four-headed hydra
 26777 | Lair:5   | Killed a four-headed hydra
 26777 | Lair:5   | Reached skill level 5 in Conjurations
 27207 | Lair:5   | Learned a level 2 spell: Blink
 27634 | Lair:5   | Noticed a six-headed hydra
 27641 | Lair:5   | Killed a six-headed hydra
 27762 | Lair:5   | HP: 5/103 [alligator (11)]
 29049 | Lair:6   | Entered Level 6 of the Lair of Beasts
 29503 | Lair:6   | Noticed an entropy weaver
 29506 | Lair:6   | Upgraded the game from 0.26-a0-524-g073066f631 to
                  | 0.26-a0-537-g96b2eae49b
 29525 | Lair:6   | Killed an entropy weaver
 29525 | Lair:6   | Reached XP level 13. HP: 29/111 MP: 22/24
 30623 | Lair:6   | Noticed an entropy weaver
 30661 | Lair:6   | Killed an entropy weaver
 30661 | Lair:6   | Reached skill level 1 in Translocations
 32187 | Lair:6   | Found a staircase to the Slime Pits.
 33605 | Lair:6   | Noticed a dire elephant
 33623 | Lair:6   | Killed a dire elephant
 33887 | Lair:6   | Acquired a +0 pair of gloves of dexterity
 33903 | Lair:6   | Got a brightly glowing hunting sling
 33904 | Lair:6   | Identified the cursed +2 hunting sling "Sitewk" {speed,
                  | *Contam rElec MR- Int+6} (You found it on level 6 of the
                  | Lair of Beasts)
 34370 | D:11     | Reached skill level 1 in Long Blades
 34463 | D:11     | Found Hamulac's Gadget Shoppe.
 34519 | D:11     | Bought a lightning rod (4/4) for 520 gold pieces
 34519 | D:11     | Bought a condenser vane (2/2) for 260 gold pieces
 36047 | D:12     | Reached skill level 1 in Evocations
 36367 | D:12     | Reached skill level 10 in Fighting
 37484 | D:12     | Reached XP level 14. HP: 112/121 MP: 15/25
 37552 | D:12     | Found a staircase to the Orcish Mines.
 38420 | Orc:1    | Entered Level 1 of the Orcish Mines
 38420 | Orc:1    | Found Qaoxibum's Antique Armour Shop.
 38460 | Orc:1    | Slain by a sun demon

Illustrated notes

Levels and vault maps discovered:
D:1:      dpeg_arrival_central, layout_loops_corners, hangedman_decor_push,
          minmay_misc_feat_chi
D:2:      layout_basic, bloody_makhleb, uniq_jessica
D:3:      layout_basic, zin_statuary
D:4:      layout_basic, ashenzari_altar_1
D:5:      cheibrodos_quashed, layout_loops_cross, basic_altar
D:6:      layout_cave_pools, serial_column_ruins, column_ruins_columns_straight,
          column_ruins_columns_water, column_ruins_corridor_water,
          column_ruins_corridor_T, column_ruins_columns_water,
          column_ruins_columns_straight, basic_altar, serial_shops, shop_statue
D:7:      kennysheep_kobold_camp, layout_loops_cross,
          minmay_temple_entry_glassed_door, nicolae_dithmenos_the_darkroom
D:8:      layout_basic
D:9:      layout_roguey, grunt_temple_overflow_champion_of_chaos,
          lemuel_round_altar
D:10:     layout_basic, david_lair_shrubbed, serial_shops, shop_statue,
          minmay_increasing_density
D:11:     layout_layer_cave, serial_shops, shop
D:12:     layout_irregular_city, david_orc_4, minmay_tree_intersection
Lair:1:   layout_cellular_growth, basic_altar
Lair:2:   beast_lair_carwin_large_3, layout_loops_ring,
          spider_nest_entry_funnel_web, gammafunk_ghost_abyssal_escape,
          small_statue_intersection, cheibrodos_lair_lostbears,
          minmay_lair_oklob_chamber, uniq_nergalle
Lair:3:   layout_gridlike, minmay_shoals_entry_centaurs, grunt_megastairs_2
Lair:4:   layout_concentric_octagons, fungi_pond_lemuel
Lair:5:   onia_ninara_swampy_vault, layout_loops_ring, special_room
          [special_room_bee], infiniplex_staircase_pool_2, serial_bayou_shore_b
Lair:6:   grunt_lair_end_beastmaster, layout_loops_ring,
          minmay_slime_entry_pillars, zaba_anthell, grunt_megastairs_3
Orc:1:    layout_caves, serial_shops, shop

Skill      XL: |  1  2  3  4  5  6  7  8  9 10 11 12 13 14 |
---------------+-------------------------------------------+-----
Dodging        | 2 3 4 5 7 8 10 11 12 | 12.5
Fighting       | 1 2 3 4 5 6 8 9 10 | 10.0
Ice Magic      | 4 5 6 7 9 10 11 12 | 12.0
Shields        | 1 3 4 |  4.0
Spellcasting   | 2 4 5 |  5.0
Summonings     | 2 3 |  3.0
Conjurations   | 2 6 8 9 |  9.1
Translocations | 3 4 |  4.0
Long Blades    | 3 |  3.8
Evocations     | 1 2 |  2.1
Stealth        | |  1.7

Action                   |  1- 3 |  4- 6 |  7- 9 | 10-12 | 13-15 || total
-------------------------+-------+-------+-------+-------+-------++-------
Melee: Unarmed           |     3 |       |       |       |       ||     3
       Dagger            |    82 |    50 |   363 |   661 |   465 ||  1621
       Mace              |       |    65 |   137 |       |       ||   202
       Whip              |       |    40 |       |       |       ||    40
       Demon blade       |       |       |       |       |   126 ||   126
Throw: Dart              |       |       |     4 |    20 |     9 ||    33
 Cast: Freeze            |    37 |    41 |     5 |    55 |       ||   138
       Frozen Ramparts   |     2 |    15 |    43 |    66 |    40 ||   166
       Ozocubu's Armour  |       |     1 |     6 |    30 |    27 ||    64
       Summon Ice Beast  |       |       |       |    34 |    22 ||    56
       Hailstorm         |       |       |       |     2 |    22 ||    24
       Blink             |       |       |       |       |     2 ||     2
Evoke: Tin of tremorston |       |       |       |     4 |     2 ||     6
       Wand              |       |       |       |       |     8 ||     8
       Lightning rod     |       |       |       |       |     1 ||     1
  Use: Scroll            |     3 |     7 |     5 |    12 |     5 ||    32
       Potion            |       |       |     3 |     5 |     1 ||     9
 Stab: Sleeping          |     8 |     2 |     5 |    15 |     1 ||    31
       Distracted        |       |     2 |     1 |       |     1 ||     4
Armor: Robe              |     5 |    26 |    26 |   150 |   130 ||   337
       Ring mail         |    31 |    18 |       |       |       ||    49
Dodge: Dodged            |    63 |   100 |   385 |   661 |   584 ||  1793
Block: Buckler           |       |    15 |   106 |   183 |   167 ||   471
       Rpst.: Demon blade |       |       |       |       |    41 ||    41

Table legend: (Time is in decaauts)
 A = Elapsed time spent in this place.
 B = Non-inter-level travel time spent in this place.
 C = Inter-level travel time spent in this place.
 D = Time resting spent in this place.
 E = Time spent auto-exploring this place.
 F = Levels seen in this place.
 G = Mean time per level.
                   A        B        C        D        E       F      G
               +--------+--------+--------+--------+--------+-----+--------+
         Total |  38603 |  37772 |    831 |   7968 |  24380 |  19 | 2031.7 |
       Dungeon |  21165 |  20581 |    584 |   3196 |  14138 |  12 | 1763.8 |
          Lair |  17400 |  17154 |    246 |   4772 |  10233 |   6 | 2900.0 |
  Orcish Mines |     38 |     38 |      0 |      0 |      8 |   1 |   38.0 |
               +--------+--------+--------+--------+--------+-----+--------+

Top non-repeatable levels by time:
  Lair:5: 4228 daAuts
  Lair:6: 3666 daAuts
  Lair:3: 2764 daAuts
  Lair:2: 2744 daAuts
  Lair:4: 2540 daAuts
     D:7: 2488 daAuts
    D:12: 2439 daAuts
     D:9: 1935 daAuts
    D:10: 1915 daAuts
    D:11: 1805 daAuts
     D:5: 1800 daAuts
     D:6: 1750 daAuts
     D:4: 1668 daAuts
     D:1: 1576 daAuts
  Lair:1: 1455 daAuts
